 Dungeon Crawl Stone Soup version 0.27-a0-1431-gcffa5a9b16 (webtiles) character file.

Game seed: 15439024019239996482

475 Sobieck the Stinger (level 7, -1/41 HPs)
             Began as an Octopode Venom Mage on July 2, 2021.
             Slain by an ufetubus (2 damage)
             ... on level 5 of the Dungeon.
             The game lasted 00:13:54 (6197 turns).

Sobieck the Stinger (Octopode Venom Mage)           Turns: 6197, Time: 00:13:54

Health: -1/41      AC:  1    Str:  7    XL:     7   Next: 10%
Magic:  7/14       EV: 13    Int: 20    God:
Gold:   162        SH:  0    Dex: 12    Spells: 6/16 levels left

rFire    . . .     SeeInvis .   k - +2 short sword (holy) {short}
rCold    . . .     Faith    .   (no shield)
rNeg     . . .     Spirit   .   (helmet restricted)
rPois    .         Reflect  .   (no amulet)
rElec    .         Harm     .   (no ring)
rCorr    .         Rampage  .   (no ring)
Will     .....                  (no ring)
Stlth    +++.......             (no ring)
HPRegen  0.13/turn              (no ring)
MPRegen  0.14/turn              (no ring)
                                (no ring)
                                (no ring)

@: no status effects
A: almost no armour, amphibious, 8 rings, camouflage 1, gelatinous body 1,
(nimble swimmer 1), tentacles, screaming 1, evolution 1
a: no special abilities


You were on level 5 of the Dungeon.
You visited 1 branch of the dungeon, and saw 6 of its levels.

You collected 162 gold pieces.


Innate Abilities, Weirdness & Mutations

You cannot wear most types of armour.
You are amphibious.
You can wear up to eight rings at the same time.
Your skin changes colour to match your surroundings (Stealth+).
Your rubbery body absorbs attacks. (AC +1, EV +1)
((You are camouflaged near water. (Stealth+)))
You have tentacles for arms and can constrict up to eight enemies at once.
You occasionally shout uncontrollably at your foes.
You evolve.


   Skills:
 - Level 2.0 Dodging
 - Level 2.6 Stealth
 + Level 5.0 Spellcasting
 - Level 1.0 Transmutations
 + Level 7.1 Poison Magic


You had 6 spell levels left.
You knew the following spells:

 Your Spells              Type           Power      Damage    Failure   Level
a - Sting                 Tmut/Pois      84%        1d7       2%          1
b - Poisonous Vapours     Pois/Air       38%        N/A       4%          2
c - Olgreb's Toxic Radia  Pois           33%        N/A       6%          4
d - Ignite Poison         Fire/Tmut/Pois 15%        N/A       12%         3

Your spell library contained the following spells:

 Spells                   Type           Power      Damage    Failure   Level
 Apportation              Tloc           10%        N/A       12%         1
 Mephitic Cloud           Conj/Pois/Air  14%        N/A       13%         3
 Alistair's Intoxication  Tmut/Pois      14%        N/A       52%         5
 Invisibility             Hex            2%         N/A       100%        6

Inventory:

Hand Weapons
 a - a +0 club {mace}
   (You took it off a kobold on level 1 of the Dungeon)
 e - a +0 club {mace}
   (You took it off a goblin on level 1 of the Dungeon)
 f - a +0 short sword {short}
   (You took it off a kobold on level 1 of the Dungeon)
 h - a +0 dagger of draining {short}
   (You took it off a goblin on level 1 of the Dungeon)
 i - a +0 club {mace}
   (You found it on level 3 of the Dungeon)
 j - a +0 club {mace}
   (You took it off a goblin on level 3 of the Dungeon)
 k - a +2 short sword of holy wrath (weapon) {short}
   (You took it off a kobold on level 1 of the Dungeon)
 l - a +0 club {mace}
   (You took it off a goblin on level 1 of the Dungeon)
 m - a +0 club {mace}
   (You took it off a kobold on level 1 of the Dungeon)
 n - a +0 club {mace}
   (You took it off a goblin on level 2 of the Dungeon)
 r - a +0 dagger {short}
   (You took it off a kobold on level 2 of the Dungeon)
 s - a +0 club {mace}
   (You took it off a goblin on level 2 of the Dungeon)
 u - a +0 flail {mace}
   (You took it off a gnoll on level 4 of the Dungeon)
 v - a +0 mace {mace}
   (You took it off an orc on level 2 of the Dungeon)
 w - a +0 dagger {short}
   (You took it off an orc on level 2 of the Dungeon)
 x - a +0 club {mace}
   (You took it off an orc on level 2 of the Dungeon)
 y - a +0 mace {mace}
   (You found it on level 2 of the Dungeon)
 z - a +0 dagger {short}
   (You took it off a goblin on level 2 of the Dungeon)
 A - a +0 dagger {short}
   (You took it off Jessica on level 2 of the Dungeon)
 B - a +0 hunting sling {sling}
   (You found it on level 2 of the Dungeon)
 C - a +0 dagger {short}
   (You took it off a goblin on level 3 of the Dungeon)
 D - a +0 falchion {long}
   (You took it off an orc priest on level 5 of the Dungeon)
 E - a +0 club {mace}
   (You took it off a goblin on level 4 of the Dungeon)
Missiles
 c - 13 poisoned darts {throwing}
 g - 87 stones {throwing}
 q - 21 bolts
 t - 17 sling bullets
Scrolls
 b - 2 scrolls of teleportation {@r4}
 o - a scroll of silence {!r}
Potions
 p - a potion of attraction {unknown}

Dungeon Overview and Level Annotations

Branches:
Dungeon (6/15)
 Temple: D:4-7

Altars:
Elyvilon
Yredelemnul

Shops:
D:1

: **...**,.,*#.##.* ###...##
,*#...**.##..##.* #...#
,,#....*#'...**.## #####...####*
,,......#..#***..####......(....#
,,#.......######.#...............
,*#.........))...#.##...........#
,*#.......o..##).#.####.#...#.###
*,........##.##..#.# #?#...#.#
*,.###.##.##....@#)# #.?....$#
,,,* #.*#........5.# #.#...#.#
**,**#,*#.##.##.#### #.##.##.#**
*,,,,,,#.......# #..,..,,,,,
**,,,,,,.....#### *,*****,***
**,,,,,,####** ******,*****,*
**,,,,,,* *,,,,,,,,,,,,**
*,,,,,,* *,,*,**,,,,,,,*
**,,,,,,* *,,,,**,,*,**,**


You could see an ufetubus (very poisoned).


Message History

You lost 1 mp, and now have 10/14 mp.
The orc shouts!
The orc closely misses you. 😕 HP[+1]
You kill the orc! 😕 MP[+1]
Casting: Sting (safe; 2% risk of failure)
Confirm with . or Enter, or press ? or * to list all spells.
Aiming: Sting (safe; 2% risk of failure)
Press: ? - help, Shift-Dir - straight line, f - orc
Aim: an orc, wielding a +0 short sword and wearing a +0 leather armour (76% to hit)
The sting hits the orc.
The orc is poisoned.
The orc hits you with a +0 short sword. 😕 HP[-6] MP[-1]
You take 6 damage, and now have 33/41 hp.
You lost 1 mp, and now have 10/14 mp.
You barely miss the orc. Your grab misses the orc. The orc barely misses you.
The orc hits you with a +0 short sword. 😮 HP[-6]
You take 6 damage, and now have 27/41 hp.
You barely miss the orc. Your grab misses the orc.
The orc hits you with a +0 short sword. 😮 HP[-3]
You take 3 damage, and now have 24/41 hp.
The orc looks more healthy.
Casting: Sting (safe; 2% risk of failure)
Confirm with . or Enter, or press ? or * to list all spells.
Aiming: Sting (safe; 2% risk of failure)
Press: ? - help, Shift-Dir - straight line, f/p - orc
Aim: an orc, wielding a +0 short sword and wearing a +0 leather armour (almost dead, 76% to hit)
The sting hits the orc.
The orc is poisoned.
You kill the orc!
Casting: Sting (safe; 2% risk of failure)
Confirm with . or Enter, or press ? or * to list all spells.
Aiming: Sting (safe; 2% risk of failure)
Press: ? - help, Shift-Dir - straight line, f - orc
Aim: an orc, wielding a +0 war axe and wearing a +0 ring mail (79% to hit)
The sting hits the orc but does no damage.
The orc is poisoned.
An ufetubus comes into view.
The orc hits you with a +0 war axe!
* * * LOW HITPOINT WARNING * * *
😨 HP[-7] MP[-1]
You take 7 damage, and now have 17/41 hp.
You lost 1 mp, and now have 9/14 mp.
Casting: Sting (safe; 2% risk of failure)
Confirm with . or Enter, or press ? or * to list all spells.
Aiming: Sting (safe; 2% risk of failure)
Press: ? - help, Shift-Dir - straight line, f/p - orc
Aim: an orc, wielding a +0 war axe and wearing a +0 ring mail (moderately wounded, poisoned, 79% to hit)
The sting hits the orc.
The orc looks even sicker.
The ufetubus shouts!
The orc closely misses you. 😨 MP[-1]
You lost 1 mp, and now have 8/14 mp.
You hit the orc but do no damage. You grab the orc. You constrict the orc.
You kill the orc!
The ufetubus hits you but does no damage.
The ufetubus closely misses you.
You miss the ufetubus. Your grab misses the ufetubus.
The ufetubus barely misses you. The ufetubus hits you.
* * * LOW HITPOINT WARNING * * *
😨 HP[-3]
You take 3 damage, and now have 14/41 hp.
Unknown command.
The ufetubus misses you. The ufetubus hits you.
* * * LOW HITPOINT WARNING * * *
Items here: $ )) [[ †. 😨 HP[-1]
You take 1 damage, and now have 13/41 hp.
The ufetubus hits you.
* * * LOW HITPOINT WARNING * * *
The ufetubus hits you.
* * * LOW HITPOINT WARNING * * *
😱 HP[-8] MP[+1]
You take 8 damage, and now have 5/41 hp.
Casting: Sting (safe; 2% risk of failure)
Confirm with . or Enter, or press ? or * to list all spells.
Aiming: Poisonous Vapours (safe; 4% risk of failure)
Press: ? - help, Dir - move target, f - ufetubus
Aim: an ufetubus Poisonous vapours surround the ufetubus!
The ufetubus is poisoned.
The ufetubus barely misses you. The ufetubus hits you.
* * * LOW HITPOINT WARNING * * *
😱 HP[-3] MP[-2]
You take 3 damage, and now have 2/41 hp.
You lost 2 mp, and now have 7/14 mp.
The ufetubus hits you but does no damage.
The ufetubus hits you.
* * * LOW HITPOINT WARNING * * *
😱 HP[-1]
You take 1 damage, and now have 1/41 hp.
Unknown command.
It was a potion of mutation.
You feel extremely strange.
You feel the urge to shout.
You feel nature experimenting on you.
Don't worry, failures die fast.
The ufetubus hits you but does no damage.
The ufetubus hits you.
You die...

Skill      XL: |  1  2  3  4  5  6 |
---------------+-------------------+-----
Poison Magic   | 4 5 6 7 |  7.1
Spellcasting   | 3 4 5 |  5.0
Dodging        | |  2.0
Stealth        | |  2.6
Transmutations | |  1.0

Action                   |  1- 3 |  4- 6 |  7- 9 || total
-------------------------+-------+-------+-------++-------
Melee: Unarmed           |    32 |    23 |     2 ||    57
       Constrict         |    10 |    10 |     4 ||    24
       Tentacles         |     4 |     9 |     2 ||    15
       Short sword       |       |    10 |     7 ||    17
 Cast: Sting             |    66 |    60 |    11 ||   137
       Poisonous Vapours |       |    19 |     1 ||    20
  Use: Scroll            |       |     6 |       ||     6
       Potion            |       |       |     1 ||     1
 Stab: Sleeping          |       |     1 |       ||     1
Armor: Skin              |     8 |     3 |     3 ||    14
Dodge: Dodged            |    36 |    45 |    10 ||    91

Levels and vault maps discovered:
D:1:      giann_bridges, layout_basic, serial_shops,
          nicolae_shop_window_shopping
D:2:      layout_basic, shapermc_ecumenical_altar_flowoftime, uniq_jessica
D:3:      layout_basic, kennysheep_ying_yang
D:4:      layout_gridville, overflow_temple_1_default, general_overflow_altar
D:5:      layout_loops_cross, lemuel_doored_altar, enter_ossuary_5,
          biasface_ghost_orc_armoury
D:6:      layout_basic, marbit_many_paths

Notes
Turn   | Place    | Note
-------+----------+-------------------------------------------
     0 | D:1      | Sobieck the Octopode Venom Mage began the quest for the
                  | Orb.
     0 | D:1      | Reached XP level 1. HP: 11/11 MP: 3/3
     0 | D:1      | magus.rc [v1.9.6]
    17 | D:1      | HP: 1/11 [giant cockroach (2)]
    43 | D:1      | Reached XP level 2. HP: 3/17 MP: 0/5
    77 | D:1      | Reached skill level 4 in Poison Magic
   803 | D:1      | Reached XP level 3. HP: 21/21 MP: 3/6
  1653 | D:1      | Found Pafabeus's Book Boutique.
  2273 | D:2      | Reached skill level 3 in Spellcasting
  2276 | D:2      | Learned a level 2 spell: Poisonous Vapours
  2793 | D:2      | Reached XP level 4. HP: 27/27 MP: 6/8
  3116 | D:2      | Found a faded altar of an unknown god.
  3252 | D:2      | Noticed Jessica
  3259 | D:2      | Killed Jessica
  3260 | D:2      | Reached skill level 5 in Poison Magic
  4084 | D:3      | You pick up a book of Party Tricks and begin reading...
  4084 | D:3      | You add the spells Apportation, Alistair's Intoxication and
                  | Invisibility to your library.
  4119 | D:3      | Reached XP level 5. HP: 26/31 MP: 7/10
  4164 | D:3      | magus.rc [v1.9.6]
  4191 | D:5      | Entered Level 5 of the Dungeon
  4533 | D:3      | Reached skill level 4 in Spellcasting
  4856 | D:3      | Found a basalt altar of Yredelemnul.
  5056 | D:3      | Found a white marble altar of Elyvilon.
  5123 | D:4      | Reached skill level 6 in Poison Magic
  5123 | D:4      | Reached XP level 6. HP: 36/36 MP: 6/12
  5271 | D:4      | Learned a level 4 spell: Olgreb's Toxic Radiance
  5275 | D:4      | Learned a level 3 spell: Ignite Poison
  6045 | D:5      | Reached skill level 5 in Spellcasting
  6045 | D:5      | Reached skill level 7 in Poison Magic
  6045 | D:5      | Reached XP level 7. HP: 37/41 MP: 6/14
  6194 | D:5      | HP: 10/41 [ufetubus (3)]
  6195 | D:5      | HP: 2/41 [ufetubus (3)]
  6197 | D:5      | Gained mutation: You occasionally shout uncontrollably at
                  | your foes. [potion of mutation]
  6197 | D:5      | Gained mutation: You evolve. [potion of mutation]
  6197 | D:5      | Slain by an ufetubus

Vanquished Creatures
  2 scorpions (D:4)
  A water moccasin zombie (D:3)
  A hound (D:4)
  An orc priest (D:5)
  2 iguanas (D:4)
  Jessica (D:2)
  A gnoll (D:4)
  5 adders
  An adder skeleton (D:5)
  A worm (D:3)
  A dart slug (D:3)
  10 orcs
  9 endoplasms
  3 giant cockroaches
  9 goblins
  8 hobgoblins
  10 jackals
  3 quokkas
  5 ball pythons
  3 bats
  2 frilled lizards
  5 kobolds
  9 rats
93 creatures vanquished.

Vanquished Creatures (others)
  A plant (D:1)
1 creature vanquished.

Grand Total: 94 creatures vanquished

Table legend:
 A = Non-vault XP
 B = Vault XP
 C = Vault XP percentage of total XP
 D = Non-vault monster count
 E = Vault monster count
 F = Vault count percentage of total count
                 A         B        C        D         E       F
            +---------+---------+-------+---------+---------+-------
      Total |     642 |      37 |   5.4 |      92 |       1 |   1.1
            +---------+---------+-------+---------+---------+-------
        D:1 |      54 |       0 |   0.0 |      32 |       0 |   0.0
        D:2 |      59 |      37 |  38.5 |      19 |       1 |   5.0
        D:3 |     122 |       0 |   0.0 |      18 |       0 |   0.0
        D:4 |     340 |       0 |   0.0 |      14 |       0 |   0.0
        D:5 |      67 |       0 |   0.0 |       9 |       0 |   0.0
            +---------+---------+-------+---------+---------+-------

Illustrated notes

Table legend:
 A = Kills in this place as a percentage of kills in entire the game.
 B = Kills by you in this place as a percentage of kills by you in the entire game.
 C = Kills by friends in this place as a percentage of kills by friends in the entire game.
 D = Other kills in this place as a percentage of other kills in the entire game.
 E = Experience gained in this place as a percentage of experience gained in the entire game.
 F = Experience gained in this place divided by the number of levels of this place that you have seen.
                   A       B       C       D       E      F
               +-------+-------+-------+-------+-------+----------------------
         Total | 100.0 | 100.0 |   N/A |   N/A | 100.0 | 113.2
       Dungeon | 100.0 | 100.0 |   N/A |   N/A | 100.0 | 113.2
               +-------+-------+-------+-------+-------+----------------------

Table legend: (Time is in decaauts)
 A = Elapsed time spent in this place.
 B = Non-inter-level travel time spent in this place.
 C = Inter-level travel time spent in this place.
 D = Time resting spent in this place.
 E = Time spent auto-exploring this place.
 F = Levels seen in this place.
 G = Mean time per level.
                   A        B        C        D        E       F      G
               +--------+--------+--------+--------+--------+-----+--------+
         Total |   6210 |   5929 |    281 |   1970 |   2944 |   6 | 1035.0 |
       Dungeon |   6210 |   5929 |    281 |   1970 |   2944 |   6 | 1035.0 |
               +--------+--------+--------+--------+--------+-----+--------+

Top non-repeatable levels by time:
     D:1: 1873 daAuts
     D:2: 1637 daAuts
     D:3: 1320 daAuts
     D:4: 1182 daAuts
     D:5: 196 daAuts
     D:6: 1 daAuts
